 Dungeon Crawl Stone Soup version 0.19.4-9-g45fd643 (webtiles) character file.

42789 vatarom the Destroyer (level 13, -11/102 HPs)
             Began as a White Draconian Conjurer on Feb 21, 2017.
             Was a High Priest of Sif Muna.
             Mangled by a skeletal warrior
             ... wielding a +0 halberd
             ... led by a skeletal warrior
              (14 damage)
             ... on level 11 of the Dungeon.
             The game lasted 01:04:25 (25231 turns).

vatarom the Destroyer (White Draconian Conjurer)   Turns: 25231, Time: 01:04:26

Health: -11/102    AC: 10    Str: 11    XL:     13   Next: 87%
Magic:  24/36      EV: 14    Int: 19    God:    Sif Muna [*****.]
Gold:   743        SH:  0    Dex: 13    Spells: 8 memorised, 3 levels left

rFire  . . .     SeeInvis .     Q - staff of conjuration
rCold  + . .     Gourm    .     (armour unavailable)
rNeg   . . .     Faith    +     (no shield)
rPois  .         Spirit   .     (helmet restricted)
rElec  .         Reflect  .     m - +1 cloak
rCorr  .         Harm     .     (no gloves)
MR     .....                    (no boots)
Stlth  ++........               y - amulet of faith
                                q - ring of magical power
                                k - ring of wizardry

@: slowed, drained, very slow
A: breathe frost, unfitting armour, cold resistance 1, cold-blooded, AC +8
a: Breathe Frost, Divine Energy, Channel Magic, Forget Spell, Renounce Religion


You were on level 11 of the Dungeon.
You worshipped Sif Muna.
Sif Muna was extremely pleased with you.
You were not hungry.

You visited 3 branches of the dungeon, and saw 18 of its levels.
You also visited: Labyrinth.

You collected 1031 gold pieces.
You spent 288 gold pieces at shops.

Inventory:

Hand Weapons
 P - the +3 quarterstaff "Veaj" {drain, rPois Dex+7}
   (You found it on level 1 of the Lair of Beasts)

   A truly terrible weapon, it drains the life of those it strikes.
   It affects your dexterity (+7).
   It protects you from poison.
Armour
 m - a +1 cloak (worn)
Magical Staves
 G - an uncursed staff of air
 Q - an uncursed staff of conjuration (weapon)
Jewellery
 a - an uncursed ring of ice
 k - a ring of wizardry (left hand)
 o - an uncursed amulet of magic regeneration
 q - a ring of magical power (right hand)
 v - an uncursed ring of see invisible
 y - an amulet of faith (around neck)
 z - a +3 ring of dexterity
 C - an uncursed ring of resist corrosion
 H - an uncursed ring of flight
Wands
 b - a wand of iceblast (8/15)
 e - a wand of polymorph (13/24)
 n - a wand of iceblast (15/15)
 p - a wand of lightning (9/15)
 u - a wand of random effects (12/48)
 w - a wand of polymorph (9/24)
 A - a wand of flame (20/48)
 B - a wand of enslavement (11/24)
 D - a wand of iceblast (7/15)
 I - a wand of paralysis (13/24)
 M - a wand of slowing (21/48)
 T - a wand of disintegration (4/24)
Scrolls
 c - a scroll of holy word
 d - a scroll of teleportation
 g - 2 scrolls of magic mapping
 i - a scroll of amnesia
 t - 4 scrolls of remove curse
 x - 5 scrolls of immolation
 E - 4 scrolls of enchant weapon
 V - a scroll of fog
Potions
 h - 3 potions of flight
 l - 4 potions of curing
 r - 2 potions of haste
 s - 2 potions of cure mutation
 N - a potion of brilliance
 R - a potion of might
 S - a potion of ambrosia
Books
 F - Sif Muna's Volume of Blistering Stones
   (Sif Muna gifted it to you on level 1 of the Lair of Beasts)

   Spells                             Type                      Level
   a - Sticky Flame                   Conjuration/Fire             4
   b - Fireball                       Conjuration/Fire             5
   c - Bolt of Magma                  Conjuration/Fire/Earth       5
   d - Iron Shot                      Conjuration/Earth            6
   e - Fire Storm                     Conjuration/Fire             9
 J - a book of Necromancy

   Spells                             Type                      Level
   a - Pain                           Necromancy                   1
   b - Animate Skeleton               Necromancy                   1
   c - Vampiric Draining              Necromancy                   3
   d - Regeneration                   Charms/Necromancy            3
   e - Animate Dead                   Necromancy                   4
   f - Control Undead                 Necromancy                   4
 K - a book of Summonings

   Spells                             Type                      Level
   a - Recall                         Summoning/Translocation      3
   b - Aura of Abjuration             Summoning                    5
   c - Summon Demon                   Summoning                    5
   d - Summon Forest                  Summoning/Translocation      5
   e - Summon Mana Viper              Hexes/Summoning              5
   f - Shadow Creatures               Summoning                    6
 L - a Young Poisoner's Handbook

   Spells                             Type                      Level
   a - Sting                          Conjuration/Poison           1
   b - Mephitic Cloud                 Conjuration/Poison/Air       3
   c - Olgreb's Toxic Radiance        Poison                       4
   d - Alistair's Intoxication        Transmutation/Poison         5
   e - Venom Bolt                     Conjuration/Poison           5
 O - a book of Enchantments

   Spells                             Type                      Level
   a - Cause Fear                     Hexes                        4
   b - Yara's Violent Unravelling     Hexes/Transmutation          5
   c - Silence                        Hexes/Air                    5
   d - Deflect Missiles               Charms/Air                   6
   e - Discord                        Hexes                        8


   Skills:
 - Level 6.0(5.6) Fighting
 + Level 5.5(5.1) Dodging
 - Level 1.7(1.3) Stealth
 - Level 10.2(9.7) Spellcasting
 - Level 13.4(12.9) Conjurations
 - Level 6.0(5.5) Charms
   Level 4.8(4.3) Summonings
 - Level 6.3(5.9) Necromancy
   Level 0.7(0.3) Fire Magic
 - Level 7.6(7.1) Earth Magic
 - Level 9.6(9.1) Invocations


You had 3 spell levels left.
You knew the following spells:

 Your Spells              Type           Power        Failure   Level  Hunger
a - Magic Dart            Conj           ####         1%          1    None
b - Regeneration          Chrm/Necr      ####......   1%          3    None
c - Dazzling Spray        Conj/Hex       ######       1%          3    None
d - Iskenderun's Mystic   Conj           ######..     1%          4    ###....
e - Iskenderun's Battles  Conj/Chrm      ######..     2%          5    #####..
f - Fulminant Prism       Conj/Hex       ######....   3%          4    ###....
g - Iron Shot             Conj/Erth      ######....   9%          6    ######.
h - Mephitic Cloud        Conj/Pois/Air  #####...     1%          3    None


Dungeon Overview and Level Annotations

Branches:
Dungeon (11/15)            Temple (1/1) D:5            Lair (6/6) D:11
  Swamp (0/4) Lair:2       Spider (0/4) Lair:2        Slime (0/5) Lair:5
    Orc: D:9-12

Altars:
Ashenzari
Cheibriados
Dithmenos
Elyvilon
Fedhas
Gozag
Hepliaklqana
Kikubaaqudgha
Makhleb
Nemelex Xobeh
Okawaru
Qazlal
Ru
Sif Muna
Trog
Uskayaw
Vehumet
Xom
Yredelemnul
Zin
The Shining One

Shops:
D:8 ?**   D:10 *?

Annotations:
D:4 Exporg's ghost, amateur MiFi
Lair:2 exclusion: oklob plant


Innate Abilities, Weirdness & Mutations

You can breathe waves of freezing cold.
You can buffet flying creatures when you breathe cold.
Your icy white scales are hard. (AC +8)
You cannot fit into any form of body armour.
Your flesh is cold resistant. (rC+)
You are cold-blooded and may be slowed by cold attacks.


Message History

Confirm with . or Enter, or press ? or * to list all spells.
Aiming: Iskenderun's Mystic Blast
Press: ? - help, Shift-Dir - straight line, f/p - skeletal warrior
Aim: a skeletal warrior, wielding a halberd (almost destroyed)
You feel a surge of power!
The orb of energy hits the skeletal warrior.
The skeletal warrior is almost destroyed.
The orb of energy explodes!
The mystic blast hits the skeletal warrior.
The skeletal warrior is moderately damaged.
You hear a horrible gurgling sound!
The skeletal warrior hits you with a hand axe of draining!
* * * LOW HITPOINT WARNING * * *
You feel drained.
* * * LOW HITPOINT WARNING * * *
The wraith hits you.
* * * LOW HITPOINT WARNING * * *
The wraith drains your vigour!
You feel yourself slow down.
The skeletal warrior hits you from afar with a halberd!
You die...

.............
.............
........... .........
########.....###### .
#..(.....(......... ...
#.......)......Y...
.....#..W.$...(..Y......
.......@z..Y.........z5.
........zz..............
........................
.....########....#######
.....#...<..#...... ....
#......#....... ...
#......#....... ...
#......# ... #...)..#


You could see 3 skeletal warriors, a yak and a wraith.

Vanquished Creatures
  The ghost of cotteux the Severer, a journeyman MiBe of Trog (Lair:6)
  The ghost of Morrissey the Carver, a journeyman HaAs of Trog (D:10)
  A minotaur (Lab)
  Josephine (Lair:6)
  Harold (D:10)
  3 hydras
  6 death yaks (Lair:4)
  Sonja (Lair:2)
  A skeletal warrior (Lair:1)
  A hill giant (D:9)
  10 spiny frogs
  The ghost of raph the Firebug, a novice DEFE of Kikubaaqudgha (D:7)
  5 black mambas
  A rime drake (Lair:2)
  6 komodo dragons
  A troll (D:9)
  5 polar bears
  6 blink frogs
  2 hornets (Lair:6)
  A slime creature (Lair:5)
  6 hippogriffs
  3 redbacks
  13 spriggans
  3 wraiths (Lair:6)
  33 yaks
  A wyvern (Lair:6)
  A human (D:9)
  5 basilisks
  4 hogs (D:9)
  A mottled dragon (Lair:3)
  7 porcupines
  9 water moccasins
  4 black bears
  3 orc warriors
  6 ice beasts
  2 necrophages
  3 boggarts (Lair:6)
  4 ogres
  17 wolves
  6 phantoms
  3 centaurs
  12 crocodiles
  3 big kobolds (D:11)
  15 bullfrogs
  2 wyvern zombies
  2 scorpions
  5 jellies
  17 killer bees
  12 wights
  2 howler monkeys (D:10)
  5 crimson imps
  A bullfrog zombie (D:6)
  A quasit (D:10)
  A centaur zombie (D:9)
  A bullfrog skeleton (D:7)
  5 hounds
  4 orc priests
  10 orc wizards
  Jessica (D:2)
  2 centaur skeletons
  3 iguanas
  8 worker ants
  2 killer bee zombies
  A hound zombie (D:6)
  Robin (D:3)
  11 gnolls
  11 adders
  A howler monkey skeleton (D:6)
  A shadow imp (D:10)
  3 oozes
  An adder zombie (D:9)
  An adder skeleton (D:5)
  A worm (D:3)
  2 dart slugs (D:1)
  8 leopard geckos
  37 orcs
  4 bats
  4 giant cockroaches
  8 goblins
  19 hobgoblins
  10 jackals
  3 quokkas
  2 frilled lizards
  17 kobolds
  A leopard gecko skeleton (D:7)
  9 rats
  A butterfly (D:5)
460 creatures vanquished.

Vanquished Creatures (others)
  A bush (Lair:4)
  A fulminant prism (D:11)
  16 fungi
  6 plants
24 creatures vanquished.

Grand Total: 484 creatures vanquished

Notes
Turn   | Place    | Note
-------+----------+-------------------------------------------
     0 | D:1      | vatarom the Draconian Conjurer began the quest for the Orb.
     0 | D:1      | Reached XP level 1. HP: 14/14 MP: 3/3
   776 | D:1      | Reached XP level 2. HP: 20/20 MP: 2/5
   841 | D:1      | Learned a level 2 spell: Searing Ray
  1267 | D:2      | Reached XP level 3. HP: 26/26 MP: 7/7
  1327 | D:2      | Noticed a hand axe
  1328 | D:2      | Found a hide-covered altar of Uskayaw.
  1329 | D:2      | Noticed a hand axe
  1408 | D:2      | Learned a level 3 spell: Dazzling Spray
  1474 | D:2      | Noticed Jessica
  1484 | D:2      | Killed Jessica
  1484 | D:2      | Reached XP level 4. HP: 33/33 MP: 9/9
  1485 | D:2      | Found a snail-covered altar of Cheibriados.
  1610 | D:2      | Reached skill level 5 in Conjurations
  1980 | D:2      | Reached XP level 5. HP: 35/38 MP: 10/10
  2218 | D:3      | Noticed Robin
  2224 | D:3      | Killed Robin
  2381 | D:3      | Learned a level 4 spell: Iskenderun's Mystic Blast
  2919 | D:3      | Reached skill level 6 in Conjurations
  3755 | D:4      | Reached XP level 6. HP: 45/45 MP: 3/11
  4162 | D:4      | Reached skill level 7 in Conjurations
  4343 | D:4      | Noticed Exporg's ghost (amateur MiFi)
  5043 | D:5      | Entered Level 5 of the Dungeon
  5125 | D:5      | Your scales start taking on an icy white colour.
  5125 | D:5      | Reached XP level 7. HP: 50/50 MP: 12/12
  5125 | D:5      | Gained mutation: Your flesh is cold resistant. (rC+) [White Draconian growth]
  5191 | D:5      | Reached skill level 8 in Conjurations
  5710 | D:5      | Found a staircase to the Ecumenical Temple.
  5719 | Temple   | Entered the Ecumenical Temple
  5780 | Temple   | Became a worshipper of Sif Muna the Loreminder
  6345 | D:5      | Reached skill level 1 in Fighting
  6524 | D:5      | Reached XP level 8. HP: 30/66 MP: 7/13
  6698 | D:6      | Found an ancient bone altar of Kikubaaqudgha.
  6769 | D:6      | Found a shattered altar of Ashenzari.
  6803 | D:6      | Reached skill level 5 in Fighting
  6828 | D:6      | Found a blossoming altar of Fedhas.
  7141 | D:6      | Found a glowing golden altar of the Shining One.
  7141 | D:6      | Found an opulent altar of Gozag.
  7390 | D:7      | Noticed raph's ghost (novice DEFE)
  7875 | D:7      | Noticed a hippogriff
  7889 | D:7      | Killed a hippogriff
  7889 | D:7      | Reached skill level 5 in Spellcasting
  8067 | D:7      | Learned a level 5 spell: Iskenderun's Battlesphere
  8085 | D:7      | Reached * piety under Sif Muna
  8085 | D:7      | Reached skill level 1 in Charms
  8257 | D:7      | Reached skill level 9 in Conjurations
  8531 | D:7      | Reached XP level 9. HP: 58/75 MP: 14/17
  8680 | D:7      | Killed raph's ghost
  8680 | D:7      | Reached ** piety under Sif Muna
  8680 | D:7      | Reached skill level 10 in Conjurations
  9869 | D:8      | Found Niyd's Magic Scroll Boutique.
  9920 | D:8      | Found Sireim's Assorted Antiques.
  9929 | D:8      | Reached skill level 11 in Conjurations
  9963 | D:8      | Reached *** piety under Sif Muna
 10036 | D:8      | Bought a shimmering trident for 246 gold pieces
 10036 | D:8      | Identified the cursed +1 trident of the Goat {drain, Dex+7} (You bought it in a shop on level 8 of the Dungeon)
 10478 | D:8      | Reached skill level 5 in Charms
 10664 | D:8      | Reached XP level 10. HP: 74/83 MP: 18/18
 10671 | D:8      | Learned a level 4 spell: Fulminant Prism
 10785 | D:8      | Found Opix's General Store.
 10794 | D:8      | Bought a scroll of teleportation for 42 gold pieces
 11309 | D:9      | Noticed a hill giant
 11319 | D:9      | Killed a hill giant
 11324 | D:9      | Reached **** piety under Sif Muna
 11543 | D:9      | Reached skill level 1 in Invocations
 11688 | D:9      | Found an ancient bone altar of Kikubaaqudgha.
 13191 | D:10     | Entered Level 10 of the Dungeon
 13356 | D:10     | Noticed Harold
 13378 | D:10     | Noticed Morrissey's ghost (journeyman HaAs)
 13381 | D:10     | Killed Harold
 13695 | D:10     | Reached XP level 11. HP: 89/89 MP: 22/22
 14146 | D:10     | Found Itaugo Xag's Assorted Antiques.
 14192 | D:10     | Killed Morrissey's ghost
 14386 | D:10     | Found Bilashri's Magic Scroll Boutique.
 14988 | D:11     | Found a staircase to the Lair.
 14998 | D:11     | Noticed a skeletal warrior
 14999 | D:11     | Noticed a skeletal warrior
 15005 | D:11     | Noticed a skeletal warrior
 15005 | Lair:1   | Entered Level 1 of the Lair of Beasts
 15388 | Lair:1   | Found a labyrinth entrance.
 15399 | Lab      | Entered a labyrinth
 15743 | Lab      | Noticed a minotaur
 15751 | Lab      | Killed a minotaur
 15761 | Lab      | Got a translucent glaive
 15829 | Lab      | Identified the cursed +2 glaive of Kaaz {pain, Dex+2} (You found it in a labyrinth)
 15836 | Lab      | Learned a level 5 spell: Summon Forest
 15874 | Lair:1   | Reached skill level 1 in Summonings
 16087 | Lair:1   | Got a transparent quarterstaff
 16088 | Lair:1   | Identified the cursed +3 quarterstaff "Veaj" {drain, rPois Dex+7} (You found it on level 1 of the Lair of Beasts)
 16219 | Lair:1   | Reached ***** piety under Sif Muna
 16924 | Lair:1   | Identified Sif Muna's Volume of Blistering Stones (Sif Muna gifted it to you on level 1 of the Lair of Beasts)
 16924 | Lair:1   | Received a gift from Sif Muna
 17186 | Lair:1   | Learned a level 5 spell: Bolt of Magma
 17518 | Lair:2   | Found a shadowy altar of Dithmenos.
 17520 | Lair:2   | Noticed an oklob plant
 17539 | Lair:2   | Found a hole to the Spider Nest.
 17548 | Lair:2   | Reached skill level 1 in Earth Magic
 17691 | Lair:2   | Noticed a seven-headed hydra
 17698 | Lair:2   | Killed a seven-headed hydra
 17698 | Lair:2   | Reached XP level 12. HP: 69/96 MP: 7/23
 17816 | Lair:2   | Found a staircase to the Swamp.
 18397 | Lair:2   | Noticed Sonja
 18410 | Lair:2   | Killed Sonja
 18410 | Lair:2   | Reached skill level 12 in Conjurations
 18488 | Lair:2   | Reached skill level 5 in Earth Magic
 18545 | Lair:2   | Identified a scroll of acquirement
 19764 | Lair:4   | Noticed an eight-headed hydra
 19764 | Lair:4   | Noticed a death yak
 19764 | Lair:4   | Noticed a death yak
 19764 | Lair:4   | Noticed a death yak
 19766 | Lair:4   | Noticed a death yak
 19823 | Lair:3   | Noticed a six-headed hydra
 19827 | Lair:3   | Killed a six-headed hydra
 20182 | Lair:4   | Noticed a death yak
 20182 | Lair:4   | Reached skill level 13 in Conjurations
 20189 | Lair:4   | Killed a death yak
 20190 | Lair:4   | Noticed a death yak
 20190 | Lair:4   | Noticed a death yak
 20190 | Lair:4   | Noticed a death yak
 20190 | Lair:4   | Noticed a death yak
 20190 | Lair:4   | Noticed a death yak
 20208 | Lair:4   | Killed an eight-headed hydra
 20223 | Lair:4   | Identified Sif Muna's Grimoire of Earthen Arcane Weapons (Sif Muna gifted it to you on level 4 of the Lair of Beasts)
 20223 | Lair:4   | Received a gift from Sif Muna
 20291 | Lair:4   | Learned a level 3 spell: Regeneration
 20444 | Lair:4   | Reached skill level 1 in Necromancy
 20593 | Lair:4   | Killed a death yak
 20613 | Lair:4   | Killed a death yak
 20636 | Lair:4   | Killed a death yak
 20636 | Lair:4   | Reached skill level 5 in Necromancy
 20649 | Lair:4   | Killed a death yak
 20649 | Lair:4   | Reached XP level 13. HP: 17/102 MP: 17/24
 21111 | Lair:4   | Learned a level 6 spell: Iron Shot
 21664 | Lair:5   | Found a staircase to the Slime Pits.
 22472 | Lair:6   | Entered Level 6 of the Lair of Beasts
 22496 | Lair:6   | Noticed Josephine
 22514 | Lair:6   | Killed Josephine
 22988 | Lair:6   | Paralysed by a hornet for 2 turns
 23798 | Lair:6   | Received a gift from Sif Muna
 23806 | Lair:6   | Learned a level 3 spell: Mephitic Cloud
 24156 | Lair:6   | Noticed cotteux's ghost (journeyman MiBe)
 24550 | Lair:6   | Reached skill level 10 in Spellcasting
 24576 | Lair:6   | Killed cotteux's ghost
 24912 | Lair:6   | Reached skill level 5 in Dodging
 25231 | D:11     | HP: 3/102 [wraith (3)]
 25231 | D:11     | Mangled by a skeletal warrior

Skill      XL: |  1  2  3  4  5  6  7  8  9 10 11 12 13 |
---------------+----------------------------------------+-----
Spellcasting   | 3 5 7 10 | 10.2
Conjurations   | 5 6 7 8 9 11 13 | 13.4
Fighting       | 4 6 |  6.0
Charms         | 1 5 6 |  6.0
Invocations    | 6 9 |  9.6
Dodging        | 4 5 |  5.5
Summonings     | 4 |  4.8
Earth Magic    | 2 5 7 |  7.6
Necromancy     | 5 6 |  6.3
Stealth        | |  1.7
Fire Magic     | |  0.7

Action                   |  1- 3 |  4- 6 |  7- 9 | 10-12 | 13-15 || total
-------------------------+-------+-------+-------+-------+-------++-------
Melee: Dagger            |    43 |       |       |       |       ||    43
       Tailslap          |    11 |     7 |     8 |     3 |       ||    29
       Whip              |     2 |       |       |       |       ||     2
       Mace              |    49 |    97 |    74 |       |       ||   220
       Trident           |       |       |     3 |    35 |       ||    38
       Quarterstaff      |       |       |       |     3 |       ||     3
       Staff             |       |       |       |     1 |       ||     1
 Cast: Magic Dart        |    17 |    40 |   171 |   437 |   202 ||   867
       Searing Ray       |     1 |    12 |    13 |     5 |       ||    31
       Iskenderun's Myst |       |     4 |    27 |    44 |    23 ||    98
       Dazzling Spray    |       |       |     2 |    22 |     4 ||    28
       Iskenderun's Batt |       |       |    21 |   110 |    53 ||   184
       Bolt of Magma     |       |       |       |     9 |     2 ||    11
       Fulminant Prism   |       |       |       |     1 |       ||     1
       Summon Forest     |       |       |       |     1 |       ||     1
       Regeneration      |       |       |       |     2 |     5 ||     7
       Iron Shot         |       |       |       |       |    16 ||    16
       Mephitic Cloud    |       |       |       |       |     1 ||     1
Invok: Divine Energy     |       |       |     1 |       |       ||     1
       Stop Divine Energ |       |       |     1 |       |       ||     1
       Channel Magic     |       |       |       |    10 |     3 ||    13
       Forget Spell      |       |       |       |     2 |     1 ||     3
 Abil: Breathe Frost     |       |       |     8 |     9 |     2 ||    19
       Evoke Flight      |       |       |       |     1 |       ||     1
Evoke: Wand              |       |       |       |     3 |       ||     3
  Use: Scroll            |     5 |     6 |     9 |    19 |     5 ||    44
       Potion            |     2 |     1 |     3 |     3 |     1 ||    10
 Stab: Sleeping          |     3 |     3 |       |       |       ||     6
  Eat: Chunk             |     1 |     7 |     4 |     6 |    11 ||    29
       Bread ration      |     1 |     1 |     6 |     6 |     1 ||    15
       Royal jelly       |       |       |     1 |       |     1 ||     2
       Meat ration       |       |       |       |     6 |     1 ||     7
       Pizza             |       |       |       |     5 |     4 ||     9
       Beef jerky        |       |       |       |     2 |     4 ||     6
       Fruit             |       |       |       |     1 |     8 ||     9
Armor: Skin              |    34 |    25 |    72 |    39 |    22 ||   192
Dodge: Dodged            |    75 |    78 |   156 |   146 |    71 ||   526
